 Dungeon Crawl Stone Soup version 0.31-a0-859-g9dce7d3444 (webtiles) character file.

Game seed: 6864423436041674499

33611 Newt the Impaler (level 13, -3/92 HPs)
             Began as a Merfolk Gladiator on Oct 9, 2023.
             Was a High Priest of Hepliaklqana.
             Slain by a +6 long sword (14 damage)
             ... on level 14 of the Dungeon.
             The game lasted 00:17:38 (14345 turns).

Newt the Impaler (Merfolk Gladiator)               Turns: 14345, Time: 00:17:39

Health: -3/92      AC: 14    Str: 17    XL:     13   Next: 72%
Magic:  0/19       EV: 18    Int:  7    God:    Hepliaklqana [*****.]
Gold:   475        SH: 11    Dex: 20    Spells: 12/12 levels left

rFire   + . .        r - +5 spear (freeze)
rCold   . . .        t - +0 kite shield
rNeg    . . .        O - +2 leather armour "Gotoforo" {*Corrode Regen+ Slay+3 SInv}
rPois   .            c - +0 helmet
rElec   .            C - +0 cloak
rCorr   .            o - +1 pair of gloves
SInv    +            (no boots)
Will    .....        u - amulet of guardian spirit
Stlth   +            m - +4 ring of protection
HPRegen 1.15/turn    y - ring of protection from fire
MPRegen 0.16/turn

%: corrode self (3%), guardian spirit
@: no status effects
A: reduced essence, (nimble swimmer 2), mertail, agile 1
a: Renounce Religion, Recall Ancestor, Ancestor Identity, Transference, Idealise


You were on level 14 of the Dungeon.
You worshipped Hepliaklqana.
Hepliaklqana was extremely pleased with you.
You visited 2 branches of the dungeon, and saw 15 of its levels.

You collected 1062 gold pieces.
You spent 587 gold pieces at shops.

Inventory:

Hand Weapons
 a - a +1 trident of electrocution
 r - a +5 spear of freezing (weapon)
Missiles
 d - 3 throwing nets (quivered)
 e - 6 javelins
 i - 71 poisoned darts
 l - 8 boomerangs
Armour
 b - a +0 leather armour
 c - a +0 helmet (worn)
 n - the +5 ring mail of Ximm {Will- Str+3 Slay+3}
   (You found it on level 2 of the Dungeon)

   Str+3:     It affects your strength (+3).
   Slay+3:    It affects your accuracy & damage with ranged weapons and melee
   (+3).
   Will-:     It decreases your willpower.
 o - a +1 pair of gloves (worn)
 t - a +0 kite shield (worn)
 C - a +0 cloak (worn)
 D - a +1 ring mail of fire resistance
 G - a +0 scale mail of cold resistance
 O - the +2 leather armour "Gotoforo" (worn) {*Corrode Regen+ Slay+3 SInv}
   (You bought it in a shop on level 8 of the Dungeon)

   Slay+3:    It affects your accuracy & damage with ranged weapons and melee
   (+3).
   SInv:      It lets you see invisible.
   Regen+:    It increases your rate of health regeneration.
   *Corrode:  It may corrode you when you take damage.
 U - a +3 leather armour of poison resistance
Jewellery
 m - a +4 ring of protection (left hand)
 u - an amulet of guardian spirit (around neck)
 y - a ring of protection from fire (right hand)
 R - a +4 ring of protection
 S - a +6 ring of dexterity
 T - a +4 ring of protection
Wands
 g - a wand of digging (7)
 j - a wand of quicksilver (15)
 w - a wand of charming (13)
 A - a wand of iceblast (9)
 Q - a wand of polymorph (8)
Scrolls
 p - a scroll of brand weapon
 s - a scroll of fear
 v - a scroll of poison
 B - a scroll of enchant armour
 H - 2 scrolls of teleportation
 K - a scroll of fog
 L - a scroll of blinking
 M - 2 scrolls of silence
 N - 3 scrolls of identify
Potions
 f - 4 potions of degeneration
 h - 3 potions of haste
 k - a potion of resistance
 q - 2 potions of magic
 x - 2 potions of brilliance
 z - 2 potions of cancellation
 E - 4 potions of mutation
 F - a potion of attraction
 J - 3 potions of curing
 P - 3 potions of heal wounds
Miscellaneous
 I - a lightning rod (4/4)


   Skills:
 + Level 10.0 Fighting
 - Level 19.0 Polearms
 - Level 2.0 Throwing
 - Level 5.0 Armour
 - Level 12.0 Dodging
 - Level 5.0 Shields
 - Level 9.0 Invocations
 - Level 6.0 Evocations


You had 12 spell levels left.
You didn't know any spells.
Your spell library contained the following spells:

 Spells                   Type           Power      Damage    Failure   Level
 Apportation              Tloc           0%         N/A       82%         1
 Freeze                   Ice            0%         1d3       82%         1
 Slow                     Hex            0%         N/A       82%         1
 Cigotuvi's Dreadful Rot  Necr/Pois/Air  0%         N/A       91%         2
 Jinxbite                 Hex            0%         N/A       91%         2
 Static Discharge         Conj/Air       0%         2-2/arc   91%         2
 Confusing Touch          Hex            0%         N/A       99%         3
 Frozen Ramparts          Ice            0%         1d1       99%         3
 Hailstorm                Conj/Ice       0%         3d3       99%         3
 Inner Flame              Hex/Fire       0%         N/A       99%         3
 Sigil of Binding         Hex            0%         N/A       99%         3
 Vampiric Draining        Necr           0%         2d6       99%         3
 Airstrike                Air            0%         2d(0-16)  100%        4
 Anguish                  Hex/Necr       0%         N/A       100%        4
 Cause Fear               Hex            0%         N/A       100%        4
 Flame Wave               Conj/Fire      0%         2d4       100%        4
 Sticky Flame             Conj/Fire      0%         2d3       100%        4
 Summon Lightning Spire   Summ/Air       0%         N/A       100%        4
 Alistair's Intoxication  Tmut/Pois      0%         N/A       100%        5
 Borgnjor's Vile Clutch   Necr/Erth      0%         N/A       100%        5
 Enfeeble                 Hex            0%         N/A       100%        7


Dungeon Overview and Level Annotations

Branches:
Dungeon (14/15)            Temple (1/1) D:4            Lair (0/5) D:11
    Orc (0/2) D:10         Vaults (0/5) D:14

Altars:
Ashenzari
Cheibriados
Dithmenos
Elyvilon
Fedhas
Gozag
Hepliaklqana
Kikubaaqudgha
Makhleb
Nemelex Xobeh
Okawaru
Qazlal
Ru
Sif Muna
Trog
Uskayaw
Vehumet
Wu Jian
Xom
Yredelemnul
Zin
The Shining One

Shops:
D:5 [*   D:7 *   D:8 [

Portals:
Trove: D:10 (give +2 ice dragon scales)

Annotations:
D:8 2 runed translucent doors
D:11 1 runed translucent door, bahustanut's ghost, journeyman OpEE
D:13 3 runed translucent doors, Heqer's ghost, journeyman MiFi; Jynaviopo's ghost, journeyman GrFi


Innate Abilities, Weirdness & Mutations

Your life essence is reduced to manifest your ancestor. (-10% HP)
((You are very nimble when in or above water. (Stealth+, EV+, Speed+++)))
Your lower body shifts to a powerful aquatic tail in water.
You are agile. (Dex +4, Str/Int -1)


Message History

The throwing net closely misses the +6 long sword.
The +6 long sword hits you!
* * * LOW HITPOINT WARNING * * *
You block the +6 long sword's attack.
Throw: 5 throwing nets
Press: ? - help, Shift-Dir - straight line, f/p - +6 long sword
Aim: a +6 long sword (heavily damaged, 47% to hit)
You throw a throwing net.
The throwing net hits the +6 long sword.
The +6 long sword is caught in the net!
The +6 long sword is heavily damaged.
The +6 long sword struggles against the net. x2
You hit the +6 long sword but do no damage.
The +6 long sword is heavily damaged.
The +6 long sword struggles against the net.
The net rips apart, and the +6 long sword comes free!
Unknown command.
That's the wrong kind of item! (Use * to select it.) Fire/throw/use which item? ([*] to toss any item) (? for menu, Esc to quit)
Okay, then.
Throw: 4 throwing nets
Press: ? - help, Shift-Dir - straight line, f/p - +6 long sword
Aim: a +6 long sword (heavily damaged, 47% to hit)
You throw a throwing net.
The throwing net barely misses the +6 long sword.
The +6 long sword hits you!
* * * LOW HITPOINT WARNING * * *
The +6 long sword hits you!
* * * LOW HITPOINT WARNING * * *
Unknown command.
You feel much better. You block the +6 long sword's attack.
Aiming: Iceblast
Press: ? - help, Shift-Dir - straight line, p - +6 long sword The mass of ice explodes!
The iceblast engulfs the +6 long sword!
The +6 long sword partially resists.
The +6 long sword is severely damaged.
The +6 long sword hits you!
* * * LOW HITPOINT WARNING * * *
The +6 long sword hits you!
You die...

#.#############+## ###
#.......#......(.# #
####.###.#.#........# # #..#.#
#.#.+........# ###
######.##.###.###.......>######..
..............# #.......÷†......#
#############.###.......÷########
#..##(.......# # ##..@........# #
############# #


You could see a +6 long sword.

Vanquished Creatures
  A boulder beetle (D:11)
  3 two-headed ogres
  4 centaur warriors
  Sonja (D:13)
  A deep elf pyromancer (D:13)
  Pikel (D:9)
  An orc knight (D:13)
  3 manticores
  An oklob plant (D:11)
  2 cyclopes
  7 ugly things
  Maurice (D:10)
  Joseph (D:7)
  A gargoyle (D:12)
  4 kobold demonologists
  Jeremiah (D:7)
  An unseen horror (D:12)
  A komodo dragon (D:10)
  A tengu conjurer (D:14)
  A guardian mummy (D:10)
  5 trolls
  A polar bear (shapeshifter) (D:13)
  2 meliai (D:14)
  A tarantella (shapeshifter) (D:14)
  Sigmund (D:4)
  5 slime creatures
  2 shadows (D:11)
  12 yaks
  2 vampires
  A basilisk (D:14)
  A wyvern (D:8)
  A wraith (D:12)
  Grum (D:5)
  11 vampire mosquitoes
  3 steam dragons
  Menkaure (D:6)
  2 water moccasins
  A black bear (D:6)
  An ice beast (D:8)
  2 sky beasts
  4 ogres (D:10)
  5 orc warriors
  4 boggarts (D:14)
  3 wolves (D:5)
  12 centaurs
  8 kobold brigands
  5 bullfrogs
  5 gnoll sergeants
  5 wights (D:10)
  7 killer bees (D:8)
  A vampire bat (D:14)
  A howler monkey (D:8)
  6 orc priests
  Crazy Yiuf (D:5)
  8 hounds (D:5)
  3 gnoll boudas
  Ijyb (D:5)
  5 iguanas
  10 orc wizards
  33 gnolls
  10 adders
  A shadow imp (D:7)
  An ufetubus (D:7)
  5 worms
  2 dart slugs
  47 orcs
  4 bats
  3 bat skeletons (D:14)
  A bat zombie (D:14)
  4 endoplasms
  4 giant cockroaches
  16 goblins
  10 hobgoblins
  A jackal (D:5)
  22 kobolds
  3 quokkas
  8 ball pythons
  2 frilled lizards
  9 rats
373 creatures vanquished.

Vanquished Creatures (collateral kills)
  A hydra (D:14)
  A centaur warrior (D:14)
  A dancing weapon (D:14)
  An ugly thing (D:13)
  A manticore (D:14)
  A gargoyle (D:11)
  A kobold demonologist (D:12)
  A guardian mummy (D:10)
  A troll (D:13)
  A meliai (D:14)
  4 yaks
  An orc warrior (D:13)
  A boggart (D:14)
  3 kobold brigands
  A bullfrog (D:7)
  4 orc wizards
  4 gnolls
  3 orcs
  A bat zombie (D:14)
  3 kobolds
35 creatures vanquished.

Vanquished Creatures (others)
  10 knights
10 creatures vanquished.

Grand Total: 418 creatures vanquished

Notes
Turn   | Place    | Note
-------+----------+-------------------------------------------
     0 | D:1      | Newt the Merfolk Gladiator began the quest for the Orb.
     0 | D:1      | Reached XP level 1. HP: 16/16 MP: 1/1
     4 | D:1      | Got a thrumming book
    52 | D:1      | Reached XP level 2. HP: 11/23 MP: 2/2
   545 | D:1      | Reached XP level 3. HP: 29/30 MP: 3/3
  1415 | D:2      | Reached XP level 4. HP: 37/37 MP: 4/4
  1448 | D:2      | Reached skill level 5 in Polearms
  1576 | D:2      | Identified the +5 ring mail of Ximm {Will- Str+3 Slay+3}
  1983 | D:3      | Reached skill level 6 in Polearms
  1983 | D:3      | Reached XP level 5. HP: 42/42 MP: 5/5
  2129 | D:3      | Reached skill level 7 in Polearms
  2588 | D:4      | Reached XP level 6. HP: 48/48 MP: 6/6
  2592 | D:4      | Noticed Sigmund
  2856 | D:3      | Reached skill level 8 in Polearms
  3177 | D:4      | Killed Sigmund
  3178 | D:4      | Reached skill level 9 in Polearms
  3178 | D:4      | Reached XP level 7. HP: 54/54 MP: 7/7
  3481 | D:4      | Identified the +0 dagger "Uqekow" {heavy, Will- rCorr
                  | Stlth+}
  3489 | D:4      | Found a staircase to the Ecumenical Temple.
  3518 | Temple   | Entered the Ecumenical Temple
  3526 | Temple   | Became a worshipper of Hepliaklqana the Forgotten
  3788 | D:5      | Entered Level 5 of the Dungeon
  3809 | D:5      | Reached skill level 10 in Polearms
  3809 | D:5      | Reached skill level 1 in Armour
  3865 | D:5      | Reached XP level 8. HP: 60/60 MP: 8/8
  3986 | D:5      | Found Kitafiqi's Assorted Antiques.
  3996 | D:5      | Bought a metallic brown potion for 20 gold pieces
  3996 | D:5      | Bought a scroll of identify for 46 gold pieces
  4016 | D:5      | Noticed Ijyb
  4021 | D:5      | Killed Ijyb
  4074 | D:5      | Found Hosmucoeg's Antique Armour Shop.
  4148 | D:5      | Reached skill level 5 in Armour
  4193 | D:5      | Found a runed translucent door.
  4194 | D:5      | Noticed Crazy Yiuf
  4224 | D:5      | Found an ancient bone altar of Kikubaaqudgha.
  4234 | D:5      | Reached skill level 5 in Dodging
  4395 | D:5      | Reached * piety under Hepliaklqana
  4558 | D:5      | Noticed Grum
  4564 | D:5      | Killed Grum
  4565 | D:5      | Reached XP level 9. HP: 45/59 MP: 9/9
  4728 | D:5      | Killed Crazy Yiuf
  4834 | D:6      | Reached skill level 5 in Fighting
  5213 | D:6      | Noticed Menkaure
  5220 | D:6      | Killed Menkaure
  5315 | D:6      | Reached ** piety under Hepliaklqana
  5367 | D:6      | Remembered your ancestor Arsinoe as a knight
  5704 | D:7      | Found Qupyeso's Assorted Antiques.
  5733 | D:7      | Bought a scroll labelled GYOMOSCHUCO for 27 gold pieces
  5733 | D:7      | Bought a fizzy inky potion for 24 gold pieces
  5733 | D:7      | Bought a lumpy sapphire potion for 24 gold pieces
  5733 | D:7      | Bought a scroll of identify for 54 gold pieces
  5771 | D:7      | Noticed Jeremiah
  5794 | D:7      | Gained mutation: You are agile. (Dex +4, Str/Int -1)
                  | [potion of mutation]
  5797 | D:7      | HP: 4/82 [Jeremiah/divine providence (9)]
  5802 | D:7      | Killed Jeremiah
  6341 | D:7      | Noticed Joseph
  6354 | D:7      | Killed Joseph
  6355 | D:7      | Reached skill level 5 in Shields
  6355 | D:7      | Reached XP level 10. HP: 39/72 MP: 5/10
  6542 | D:7      | Found an ornate altar of the Wu Jian Council.
  6750 | D:8      | Noticed a two-headed ogre
  6760 | D:8      | Killed a two-headed ogre
  6761 | D:8      | Reached skill level 11 in Polearms
  6813 | D:8      | Found Juaffous's Armour Emporium.
  6878 | D:8      | Found a stormy altar of Qazlal.
  6900 | D:8      | Found a large runed translucent door.
  6902 | D:8      | Found a large runed translucent door.
  7058 | D:8      | Reached skill level 12 in Polearms
  7144 | D:8      | Found a large runed translucent door.
  7144 | D:8      | Found a large runed translucent door.
  7146 | D:8      | Noticed a centaur warrior
  7329 | D:8      | Noticed a manticore
  7340 | D:8      | Killed a manticore
  7341 | D:8      | Reached skill level 13 in Polearms
  7552 | D:8      | Reached skill level 14 in Polearms
  7555 | D:8      | Reached skill level 1 in Evocations
  7647 | D:8      | Killed a centaur warrior
  7648 | D:8      | Reached XP level 11. HP: 67/77 MP: 7/11
  7809 | D:9      | Reached *** piety under Hepliaklqana
  7824 | D:9      | Noticed Pikel
  7837 | D:9      | Killed Pikel
  7838 | D:9      | Reached skill level 5 in Evocations
  8122 | D:9      | Found a radiant altar of Vehumet.
  8518 | D:8      | Bought the +2 leather armour "Gotoforo" {*Corrode Regen+
                  | Slay+3 SInv} for 392 gold pieces
  8603 | D:10     | Entered Level 10 of the Dungeon
  8633 | D:10     | Reached skill level 15 in Polearms
  9297 | D:10     | Found a staircase to the Orcish Mines.
  9313 | D:10     | Reached skill level 16 in Polearms
  9733 | D:10     | Noticed Maurice
  9742 | D:10     | Killed Maurice
  9760 | D:10     | Found a portal to a secret trove of treasure.
  9767 | D:10     | Reached skill level 17 in Polearms
  9952 | D:11     | Found a runed translucent door.
  9983 | D:11     | Reached XP level 12. HP: 68/82 MP: 7/12
 10098 | D:11     | Noticed a storm dragon
 10098 | D:11     | Noticed bahustanut's ghost (journeyman OpEE)
 10115 | D:11     | Reached skill level 18 in Polearms
 10270 | D:11     | Noticed a boulder beetle
 10298 | D:11     | Killed a boulder beetle
 10548 | D:11     | Found a staircase to the Lair.
 10549 | D:11     | Reached **** piety under Hepliaklqana
 10721 | D:11     | Noticed a two-headed ogre
 10730 | D:11     | Killed a two-headed ogre
 10825 | D:12     | Reached skill level 19 in Polearms
 11171 | D:12     | You fall into a shaft and drop 1 floor!
 11328 | D:13     | Noticed Sonja
 11340 | D:13     | Killed Sonja
 11407 | D:12     | Reached skill level 10 in Dodging
 11716 | D:12     | Found Fachiwov's Jewellery Boutique.
 11948 | D:13     | Reached skill level 1 in Invocations
 12101 | D:13     | Noticed a centaur warrior
 12114 | D:13     | Killed a centaur warrior
 12115 | D:13     | Reached XP level 13. HP: 49/88 MP: 7/15
 12375 | D:13     | Reached skill level 5 in Invocations
 12766 | D:13     | Found a runed translucent gate.
 12769 | D:13     | Found a runed translucent gate.
 12769 | D:13     | Found a runed translucent gate.
 12770 | D:13     | Found an ancient bone altar of Kikubaaqudgha.
 12770 | D:13     | Noticed a lich
 12770 | D:13     | Noticed a lich
 12770 | D:13     | Noticed a lich
 12888 | D:13     | Noticed Heqer's ghost (journeyman MiFi)
 12889 | D:13     | Noticed Jynaviopo's ghost (journeyman GrFi)
 13270 | D:14     | Reached ***** piety under Hepliaklqana
 13355 | D:14     | Found an ancient bone altar of Kikubaaqudgha.
 14097 | D:14     | Found a gate to the Vaults.
 14291 | D:14     | Reached skill level 10 in Fighting
 14345 | D:14     | Slain by a +6 long sword

Illustrated notes

Levels and vault maps discovered:
D:1:      mrwooster_arrival_statue_3, layout_loops_ring,
          nicolae_figureground_sparkle
D:2:      layout_loops_ring
D:3:      layout_basic
D:4:      layout_cave_pools, temple_fountains, nicolae_letterblocks
          [nicolae_letter_subblock, nicolae_letter_subblock,
          nicolae_letter_subblock, nicolae_letter_subblock,
          nicolae_letter_subblock, nicolae_letter_subblock,
          nicolae_letter_subblock, nicolae_letter_subblock,
          nicolae_letter_subblock, nicolae_letter_subblock,
          nicolae_letter_subblock, nicolae_letter_subblock,
          nicolae_letter_subblock, nicolae_letter_subblock,
          nicolae_letter_subblock, nicolae_letter_subblock,
          nicolae_letter_subblock, nicolae_letter_subblock,
          nicolae_letter_subblock, nicolae_letter_subblock,
          nicolae_letter_subblock, nicolae_letter_subblock,
          nicolae_letter_subblock, nicolae_letter_subblock,
          nicolae_letter_subblock], uniq_sigmund
D:5:      layout_cave_pools, amcnicky_altar_gilded, serial_gnoll_camp,
          gnoll_camp_mini_shop, gnoll_camp_mini_loothouse,
          gnoll_camp_mini_house, gnoll_camp_mini_shop, grums_kennel,
          gnoll_camp_huts_basic, hangedman_decor_push, uniq_ijyb,
          uniq_crazy_yiuf_cottage
D:6:      layout_loops_corners, uniq_menkaure
D:7:      layout_cave_pools, nicolae_wu_jian_immortal_techniques, serial_shops,
          nicolae_shop_competitors_out_of_business, chequers_decorated_corner,
          uniq_joseph, uniq_jeremiah
D:8:      layout_loops_cross, kennysheep_mini, serial_shops, shop,
          minmay_hollow_rounded_squares
D:9:      layout_gridville, vehumet_crystals, uniq_pikel
D:10:     layout_basic, kennysheep_orc_monster_closet_entryway,
          nicolae_trove_entry_path_of_doom, roderic_lattice_a, minivault_25,
          uniq_maurice
D:11:     layout_basic, dpeg_oklobed_lair, ebering_ghost_inner_flame
D:12:     layout_roguey, serial_shops, nicolae_shop_behind_doors
D:13:     layout_stronghold, gammafunk_ghost_crypt, uniq_sonja
D:14:     layout_roguey, erik_vaults_1, minmay_misc_feat_encased,
          kennysheep_vampire_church
Temple:   hc_temple_tempest_star

Skill      XL: |  1  2  3  4  5  6  7  8  9 10 11 12 13 |
---------------+----------------------------------------+-----
Fighting       | 3 4 8 10 | 10.0
Polearms       | 6 7 9 10 14 17 19 | 19.0
Armour         | 3 5 |  5.0
Dodging        | 7 12 | 12.0
Shields        | 5 |  5.0
Evocations     | 4 6 |  6.0
Invocations    | 3 9 |  9.0
Throwing       | |  2.0

Action                     |  1- 3 |  4- 6 |  7- 9 | 10-12 | 13-15 || total
---------------------------+-------+-------+-------+-------+-------++-------
  Melee: Trident           |   114 |   118 |    55 |       |       ||   287
         Punch             |     2 |       |     3 |       |       ||     5
         Spear             |       |       |   251 |   703 |   305 ||  1259
  Throw: Throwing net      |     2 |       |     3 |       |     5 ||    10
 Invoke: Ancestor Life: Kn |       |       |     1 |       |       ||     1
         Recall Ancestor   |       |       |       |     1 |       ||     1
  Evoke: Wand              |       |       |     3 |       |     1 ||     4
         Lightning rod     |       |       |       |       |     3 ||     3
    Use: Scroll            |     6 |     7 |     7 |     3 |       ||    23
         Potion            |       |       |     5 |       |     1 ||     6
   Stab: Held in net/web   |     1 |       |     1 |       |       ||     2
         Sleeping          |     1 |       |       |     4 |       ||     5
         Distracted        |       |       |       |     2 |     1 ||     3
 Armour: Leather armour    |    38 |     2 |       |   109 |   230 ||   379
         Ring mail         |       |    52 |   112 |    33 |       ||   197
         Skin              |       |       |    16 |       |       ||    16
  Dodge: Dodged            |    60 |    61 |    78 |   158 |    88 ||   445
  Block: Kite shield       |       |       |     3 |   158 |    92 ||   253

Table legend: (Time is in decaauts)
 A = Elapsed time spent in this place.
 B = Non-inter-level travel time spent in this place.
 C = Inter-level travel time spent in this place.
 D = Time resting spent in this place.
 E = Time spent auto-exploring this place.
 F = Levels seen in this place.
 G = Mean time per level.
                   A        B        C        D        E       F      G
               +--------+--------+--------+--------+--------+-----+--------+
         Total |  13892 |  13264 |    628 |   1602 |   9446 |  15 |  926.1 |
       Dungeon |  13877 |  13262 |    615 |   1602 |   9446 |  14 |  991.2 |
        Temple |     14 |      1 |     13 |      0 |      0 |   1 |   14.0 |
               +--------+--------+--------+--------+--------+-----+--------+

Top non-repeatable levels by time:
    D:13: 1358 daAuts
     D:3: 1358 daAuts
    D:10: 1190 daAuts
    D:14: 1143 daAuts
     D:7: 1033 daAuts
     D:8: 997 daAuts
     D:5: 972 daAuts
    D:11: 918 daAuts
     D:1: 908 daAuts
     D:2: 877 daAuts
    D:12: 867 daAuts
     D:6: 828 daAuts
     D:9: 791 daAuts
     D:4: 632 daAuts
  Temple: 14 daAuts
